 Dungeon Crawl Stone Soup version 0.28.0-53-g5a82cb258f (webtiles) character file.

Game seed: 16905254266412915859

449 Sin92 the Poker (level 6, -8/48 HPs)
             Began as a Demonspawn Fighter on June 23, 2022.
             Killed from afar by Ijyb (31 damage)
             ... with a bolt of acid
             ... on level 4 of the Dungeon.
             The game lasted 00:05:22 (3672 turns).

Sin92 the Poker (Demonspawn Fighter)                Turns: 3672, Time: 00:05:22

Health: -8/48      AC:  9    Str: 16    XL:     6   Next: 74%
Magic:  6/6        EV:  9    Int:  9    God:
Gold:   115        SH:  5    Dex: 15    Spells: 5/5 levels left

rFire   . . .      SeeInvis .   a - +1 trident
rCold   . . .      Faith    .   c - +0 buckler
rNeg    + . .      Spirit   .   b - +0 scale mail
rPois   .          Reflect  .   (helmet restricted)
rElec   .          Harm     .   o - +1 cloak
rCorr   .          Rampage  .   (no gloves)
Will    .....                   (no boots)
Stlth   ..........              (no amulet)
HPRegen 0.16/turn               h - ring of positive energy
MPRegen 0.10/turn               d - ring of flight

@: mighty, flying
A: antennae 1, powered by pain 1, demonic touch 1
a: no special abilities


You were on level 4 of the Dungeon.
You visited 1 branch of the dungeon, and saw 4 of its levels.

You collected 115 gold pieces.

Inventory:

Hand Weapons
 a - a +1 trident (weapon)
Armour
 b - a +0 scale mail (worn)
 c - a +0 buckler (worn)
 o - a +1 cloak (worn)
Jewellery
 d - a ring of flight (right hand)
 h - a ring of positive energy (left hand)
Scrolls
 k - 2 scrolls of fog {unknown}
 l - a scroll of immolation {unknown}
Potions
 e - 2 potions of curing
 f - a potion of lignification
 g - a potion of degeneration
 i - a potion of heal wounds {unknown}
 j - 2 potions of mutation {unknown}


   Skills:
 + Level 4.1 Fighting
 * Level 4.1 Polearms
 + Level 3.7 Armour
 + Level 2.2 Dodging
 + Level 3.7 Shields


You had 5 spell levels left.
You didn't know any spells.
Your spell library contained the following spells:

 Spells                   Type           Power      Damage    Failure   Level
 Summon Small Mammal      Summ           0%         N/A       88%         1
 Call Canine Familiar     Summ           0%         N/A       99%         3
 Stone Arrow              Conj/Erth      0%         3d7       99%         3
 Summon Guardian Golem    Hex/Summ       0%         N/A       99%         3
 Animate Armour           Summ/Erth      0%         N/A       100%        4
 Lehudib's Crystal Spear  Conj/Erth      0%         10d2      100%        8


Dungeon Overview and Level Annotations

Branches:
Dungeon (4/15)
 Temple: D:4-7

Altars:

Annotations:
D:4 Ijyb


Innate Abilities, Weirdness & Mutations

You have a pair of small antennae on your head.
You sometimes gain a little power by taking damage.
Your touch may inflict minor irresistible damage on your foes.


Message History

You block the hound's attack. x2
You hit the hound but do no damage.
The hound is severely wounded.
The hound closely misses you.
Unknown command.
There are monsters nearby!
You miss the hound.
The hound is severely wounded.
The hound closely misses you. You block the hound's attack.
Unknown command.
There are monsters nearby!
You puncture the hound!
You kill the hound!
Ijyb zaps a wand.
The bolt of acid hits you!!
You focus on the pain.
You feel very mighty all of a sudden.
Unknown command.
Ijyb is nearby!
You are too injured to fight recklessly!
Unknown command.
Ijyb is nearby!
You are too injured to fight recklessly!
Unknown command.
Ijyb is nearby!
You are too injured to fight recklessly!
Unknown command.
Ijyb is nearby!
You are too injured to fight recklessly!
Unknown command.
Ijyb is nearby!
You hit Ijyb.
Ijyb is lightly wounded.
Ijyb completely misses you.
You closely miss Ijyb.
Ijyb is lightly wounded.
Ijyb hits you with a +0 club.
You barely miss Ijyb.
Ijyb is lightly wounded.
Ijyb zaps a wand.
The bolt of acid hits you!!
Ouch! That really hurt!
You die...

##....##.####
#..#..##.#
#....## .#
#.....# .# .
#.....# .# #.#
#.....##.#....
#......#......
#....#........
#.....@#......
#....#g#......
#....... .....
####..........
#.#.>......
...........
..#...##.. ...
...# #.#


You could see Ijyb.

Vanquished Creatures
  A sky beast (D:4)
  A hound (D:4)
  A bullfrog skeleton (D:4)
  A jelly (D:4)
  An orc priest (D:3)
  Crazy Yiuf (D:2)
  Jessica (D:2)
  Natasha (thrice) (D:3)
  An orc wizard (D:3)
  Robin (D:2)
  2 adders (D:4)
  2 dart slugs
  An orc (D:3)
  4 bats
  7 endoplasms
  4 giant cockroaches
  12 goblins
  9 hobgoblins
  3 ball pythons
  4 frilled lizards
  3 kobolds (D:2)
  A quokka skeleton (D:4)
  4 rats
68 creatures vanquished.

Notes
Turn   | Place    | Note
-------+----------+-------------------------------------------
     0 | D:1      | Sin92 the Demonspawn Fighter began the quest for the Orb.
     0 | D:1      | Reached XP level 1. HP: 18/18 MP: 1/1
   129 | D:1      | Found a faded altar of an unknown god.
   133 | D:1      | Discovered your monstrous ancestry.
   133 | D:1      | Gained mutation: Your touch may inflict minor irresistible
                  | damage on your foes. [demonic ancestry]
   133 | D:1      | Reached XP level 2. HP: 24/24 MP: 2/2
   133 | D:1      | Noticed an eye of devastation
   137 | D:1      | Noticed a great orb of eyes
   142 | D:1      | Noticed a golden eye
   142 | D:1      | Noticed a golden eye
   678 | D:2      | Noticed Jessica
   691 | D:2      | Killed Jessica
   692 | D:2      | Reached XP level 3. HP: 26/29 MP: 3/3
   763 | D:2      | Noticed Robin
   766 | D:2      | Reached skill level 1 in Dodging
   779 | D:2      | Killed Robin
   780 | D:2      | Reached XP level 4. HP: 13/35 MP: 2/4
  1307 | D:2      | Found a runed translucent door.
  1308 | D:2      | Noticed Crazy Yiuf
  1453 | D:2      | HP: 1/35 [Crazy Yiuf/+4 quarterstaff of chaos (13)]
  1455 | D:2      | Killed Crazy Yiuf
  2312 | D:3      | Noticed Natasha
  2326 | D:3      | Killed Natasha
  2327 | D:3      | Gained mutation: You have a pair of small antennae on your
                  | head. [demonic ancestry]
  2327 | D:3      | Reached XP level 5. HP: 14/41 MP: 5/5
  2459 | D:3      | Noticed Natasha
  2471 | D:3      | Killed Natasha
  2736 | D:3      | Noticed Natasha
  2742 | D:3      | Killed Natasha
  3204 | D:4      | Noticed a sky beast
  3215 | D:4      | Gained mutation: You sometimes gain a little power by
                  | taking damage. [demonic ancestry]
  3215 | D:4      | Reached XP level 6. HP: 28/48 MP: 6/6
  3229 | D:4      | Killed a sky beast
  3657 | D:4      | Noticed Ijyb
  3672 | D:4      | Killed from afar by Ijyb

Illustrated notes

Levels and vault maps discovered:
D:1:      heliophobic_arrival_battle_scene, layout_loops_ring,
          hellmonk_ecumenical_altar_watching_god
D:2:      layout_rooms, minmay_misc_feat_nine_boxes, uniq_crazy_yiuf_cottage,
          uniq_robin, uniq_jessica
D:3:      layout_loops_cross, minmay_box_of_dots, uniq_natasha
D:4:      layout_rooms, nicolae_overflow_crystal_walls, minivault_26, uniq_ijyb

Skill      XL: |  1  2  3  4  5  6 |
---------------+-------------------+-----
Polearms       | 2 3 4 |  4.1
Shields        | 3 |  3.7
Armour         | 3 |  3.7
Dodging        | 1 2 |  2.2
Fighting       | 4 |  4.1

Action                   |  1- 3 |  4- 6 || total
-------------------------+-------+-------++-------
Melee: Trident           |    77 |   138 ||   215
  Use: Potion            |     1 |     3 ||     4
       Scroll            |       |     6 ||     6
Armor: Scale mail        |    25 |    46 ||    71
       Skin              |       |    35 ||    35
Dodge: Dodged            |    30 |    52 ||    82
Block: Buckler           |    11 |    30 ||    41
